 Dungeon Crawl Stone Soup version 0.23.2-30-g0e89c35649 (webtiles) character file.

Game seed: 2518406883256560672

17850 diana the Fighter (level 12, -17/110 HPs)
             Began as a Minotaur Fighter on June 13, 2019.
             Was a High Priest of Okawaru.
             Engulfed by an ice statue's freezing vapour (35 damage)
             ... in an ice cave.
             The game lasted 00:17:39 (10638 turns).

diana the Fighter (Minotaur Fighter)               Turns: 10638, Time: 00:17:40

Health: -17/110    AC: 21    Str: 28    XL:     12   Next: 22%
Magic:  0/13       EV: 14    Int:  7    God:    Okawaru [*****.]
Gold:   750        SH: 13    Dex: 11    Spells: 11/11 levels left

rFire    + + .     SeeInvis +   O - +9 hand axe "Wuzipiwu" {protect, rPois rF++ rC- Str+3}
rCold    x . .     Gourm    .   c - +0 shield
rNeg     . . .     Faith    .   b - +0 scale mail
rPois    +         Spirit   +   (helmet restricted)
rElec    .         Reflect  .   S - +0 cloak {+Inv}
rCorr    .         Harm     .   y - +2 pair of gloves
MR       .....                  (no boots)
Stlth    ..........             G - amulet of guardian spirit
HPRegen  0.28/turn              i - ring of see invisible
MPRegen  0.13/turn              z - +2 ring of intelligence

@: protection aura
A: retaliatory headbutt, horns 2
a: Heroism, Finesse, Renounce Religion, Evoke Invisibility


You were in an ice cave.
You worshipped Okawaru.
Okawaru was extremely pleased with you.
You were not hungry.

You visited 3 branches of the dungeon, and saw 14 of its levels.
You also visited: Ice Cave.

You collected 750 gold pieces.

Inventory:

Hand Weapons
 J - the +7 hand axe of Heisejur {venom, rF- rC++ Dex+2 SInv}
   (You took it off Erica on level 8 of the Dungeon)

   It poisons the flesh of those it strikes.
   It affects your dexterity (+2).
   It makes you vulnerable to fire.
   It greatly protects you from cold.
   It lets you see invisible.
 O - the +9 hand axe "Wuzipiwu" (weapon) {protect, rPois rF++ rC- Str+3}
   (You found it on level 10 of the Dungeon)

   It protects the one who uses it against injury (+AC on strike).
   It affects your strength (+3).
   It greatly protects you from fire.
   It makes you vulnerable to cold.
   It protects you from poison.
Missiles
 I - 4 javelins of penetration (quivered)
Armour
 b - a +0 scale mail (worn)
 c - a +0 shield (worn)
 q - a scarf of repulsion
 y - a +2 pair of gloves (worn)
 S - a +0 cloak of invisibility (worn)
Jewellery
 i - a ring of see invisible (left hand)
 z - a +2 ring of intelligence (right hand)
 G - an amulet of guardian spirit (around neck)
 R - an uncursed ring of protection from cold
Wands
 B - a wand of flame (52)
 C - a wand of paralysis (24)
 K - a wand of iceblast (7)
 M - a wand of digging (7)
 N - a wand of acid (6)
Scrolls
 e - 9 scrolls of remove curse
 j - 2 scrolls of fog {unknown}
 n - 3 scrolls of amnesia {unknown}
 p - 2 scrolls of immolation {unknown}
 r - a scroll of enchant weapon {unknown}
 s - 4 scrolls of blinking {unknown}
 t - 2 scrolls of random uselessness {unknown}
 v - 3 scrolls of identify
 w - 2 scrolls of magic mapping {unknown}
 A - 7 scrolls of teleportation
 F - 3 scrolls of enchant armour {unknown}
 L - a scroll of noise {unknown}
 Q - a scroll of holy word {unknown}
Potions
 a - 2 potions of lignification {unknown}
 d - 2 potions of might
 g - 4 potions of curing
 h - 3 potions of mutation
 k - a potion of heal wounds
 l - 2 potions of cancellation
 m - 2 potions of haste
 o - 2 potions of degeneration {unknown}
 u - 3 potions of ambrosia
 x - 2 potions of resistance
 D - 4 potions of agility {unknown}
 E - a potion of magic {unknown}
 P - a potion of invisibility {unknown}
Comestibles
 f - 21 rations


   Skills:
 + Level 11.2 Fighting
 + Level 10.9 Axes
 + Level 11.1 Armour
 + Level 9.7 Dodging
 + Level 11.2 Shields
 + Level 3.6 Invocations


You had 11 spell levels left.
You didn't know any spells.
Your spell library contained the following spells:

 Spells                   Type           Power        Failure   Level  Hunger
 Animate Skeleton         Necr           N/A          80%         1    ##.....
 Corona                   Hex            #......      80%         1    ##.....
 Flame Tongue             Conj/Fire      #....        80%         1    ##.....
 Freeze                   Ice            #...         80%         1    ##.....
 Magic Dart               Conj           #...         80%         1    ##.....
 Pain                     Necr           #...         80%         1    ##.....
 Blink                    Tloc           N/A          91%         2    ###....
 Call Imp                 Summ           #.......     91%         2    ###....
 Ensorcelled Hibernation  Hex/Ice        #.....       91%         2    ###....
 Slow                     Hex            #.......     91%         2    ###....
 Throw Flame              Conj/Fire      #.....       91%         2    ###....
 Throw Frost              Conj/Ice       #.....       91%         2    ###....
 Confuse                  Hex            #.......     99%         3    ####...
 Conjure Flame            Conj/Fire      #.......     99%         3    ####...
 Dazzling Spray           Conj/Hex       #.....       99%         3    ####...
 Inner Flame              Hex/Fire       #.......     99%         3    ####...
 Mephitic Cloud           Conj/Pois/Air  #.......     99%         3    ####...
 Ozocubu's Armour         Chrm/Ice       #.......     99%         3    ####...
 Regeneration             Chrm/Necr      #.........   99%         3    ####...
 Tukima's Dance           Hex            #.......     99%         3    ####...
 Vampiric Draining        Necr           #.........   99%         3    ####...
 Animate Dead             Necr           N/A          100%        4    #####..
 Sticky Flame             Conj/Fire      #.......     100%        4    #####..
 Summon Ice Beast         Ice/Summ       #.......     100%        4    #####..
 Throw Icicle             Conj/Ice       #.......     100%        4    #####..
 Fireball                 Conj/Fire      #.........   100%        5    ######.


Dungeon Overview and Level Annotations

Branches:
Dungeon (12/15)            Temple (1/1) D:5            Lair (1/6) D:8
    Orc (0/2) D:10

Altars:
Ashenzari
Dithmenos
Elyvilon
Fedhas
Gozag
Hepliaklqana
Kikubaaqudgha
Makhleb
Okawaru
Qazlal
Ru
Sif Muna
Trog
Uskayaw
Vehumet
Wu Jian
Xom
Yredelemnul
Zin
The Shining One

Shops:
D:10 [   D:11 [   D:12 :

Annotations:
D:12 exclusion: obsidian statue IceCv exclusion: ice statue


Innate Abilities, Weirdness & Mutations

You reflexively headbutt those who attack you in melee.
You have a pair of horns on your head.


Message History

You slash the ice statue!
The ice statue is severely damaged.
You hit the ice beast. You slash the ice beast! x2
You kill the ice beast!
You are engulfed in freezing vapours.
* * * LOW HITPOINT WARNING * * *
You block the ice beast's attack.
You feel much better.
You are engulfed in freezing vapours.
* * * LOW HITPOINT WARNING * * *
The ice statue gestures at you. The bolt of cold misses you.
You block the ice beast's attack.
The ice beast hits you but does no damage.
Unknown command.
You slash the ice statue!
You headbutt the ice statue, but do no damage.
The ice statue is almost destroyed.
You slash the ice beast! x2
You kill the ice beast!
You are engulfed in freezing vapours.
You die...

##....# ##.....## #
##.......# .#
#........## ..# ###
##†.......# #.# ..##
###.†.#.....##..#
...###......##...○..#
.÷..#.†.....##.○○○○##
##.÷..##....###°@Y##
###..####....###○8#
#### .....# #.##
##....# ### ##...#
#...


You could see an ice statue and an ice beast.

Vanquished Creatures
  Erica (D:8)
  A two-headed ogre (D:10)
  An unseen horror (D:11)
  An ugly thing (D:11)
  2 cyclopes
  A gargoyle (D:11)
  Psyche (D:8)
  2 rime drakes (Lair:1)
  3 trolls
  6 polar bears (IceCv)
  A queen bee (D:9)
  Prince Ribbit (D:7)
  A hornet (D:11)
  3 hippogriffs
  Sigmund (D:2)
  2 wyverns
  7 yaks
  A steam dragon (D:10)
  A hungry ghost (D:7)
  A soldier ant (D:12)
  3 water moccasins
  10 orc warriors
  A sky beast (D:6)
  A phantom (D:9)
  5 ice beasts
  2 black bears
  11 ogres
  7 wolves
  5 centaurs
  3 crocodiles
  A big kobold (D:11)
  12 bullfrogs
  A gnoll sergeant (D:12)
  5 scorpions
  A water moccasin skeleton (D:8)
  30 killer bees
  3 howler monkeys (D:11)
  2 electric eels (D:8)
  4 crimson imps
  3 centaur zombies
  5 orc priests
  3 bullfrog zombies
  4 jellies
  10 hounds
  10 orc wizards
  A bullfrog skeleton (D:4)
  A centaur skeleton (D:8)
  Jessica (D:2)
  A gnoll shaman (D:4)
  2 iguanas
  10 worker ants
  2 hound zombies
  2 worker ant zombies
  16 gnolls
  12 adders
  A howler monkey skeleton (D:8)
  An ooze (D:2)
  2 adder skeletons
  5 worms
  A dart slug (D:1)
  18 leopard geckos
  47 orcs
  7 giant cockroaches
  14 goblins
  23 hobgoblins
  26 jackals
  19 kobolds
  8 quokkas
  2 ball pythons (D:2)
  10 bats
  4 frilled lizards
  A jackal skeleton (D:7)
  A leopard gecko zombie (D:6)
  5 rats
  A plant (D:6)
424 creatures vanquished.

Vanquished Creatures (others)
  A bullfrog (D:11)
  2 plants
3 creatures vanquished.

Grand Total: 427 creatures vanquished

Notes
Turn   | Place    | Note
-------+----------+-------------------------------------------
     0 | D:1      | diana the Minotaur Fighter began the quest for the Orb.
     0 | D:1      | Reached XP level 1. HP: 19/19 MP: 0/0
   128 | D:1      | Reached XP level 2. HP: 27/27 MP: 1/1
   204 | D:1      | Reached skill level 1 in Dodging
   292 | D:1      | Reached XP level 3. HP: 29/33 MP: 2/2
   811 | D:2      | Found a bloodstained altar of Trog.
  1045 | D:2      | Noticed Jessica
  1055 | D:2      | Killed Jessica
  1055 | D:2      | Reached XP level 4. HP: 36/41 MP: 3/3
  1280 | D:2      | Noticed Sigmund
  1295 | D:2      | Killed Sigmund
  1295 | D:2      | Reached XP level 5. HP: 8/47 MP: 4/4
  1295 | D:2      | Reached XP level 6. HP: 9/55 MP: 5/5
  1731 | D:3      | Reached skill level 5 in Shields
  1732 | D:3      | Reached skill level 5 in Fighting
  1780 | D:3      | Reached skill level 5 in Armour
  1824 | D:3      | Found a hide-covered altar of Uskayaw.
  2045 | D:3      | Reached XP level 7. HP: 26/61 MP: 6/6
  2561 | D:4      | Reached skill level 5 in Axes
  3044 | D:4      | Reached XP level 8. HP: 70/70 MP: 7/7
  3382 | D:5      | Entered Level 5 of the Dungeon
  3503 | D:5      | Found a white marble altar of Elyvilon.
  3604 | D:5      | Found a staircase to the Ecumenical Temple.
  3701 | Temple   | Entered the Ecumenical Temple
  3778 | Temple   | Became a worshipper of Warmaster Okawaru
  4218 | D:6      | Found a blossoming altar of Fedhas.
  4392 | D:6      | Reached skill level 5 in Dodging
  4450 | D:6      | Reached * piety under Okawaru
  4695 | D:6      | Reached XP level 9. HP: 68/79 MP: 8/8
  5140 | D:7      | Noticed Prince Ribbit
  5164 | D:7      | Killed Prince Ribbit
  5164 | D:7      | Reached ** piety under Okawaru
  5570 | D:8      | Identified the +7 hand axe of Heisejur {venom, rF- rC++
                  | Dex+2 SInv}
  5570 | D:8      | Noticed Erica
  5596 | D:8      | Killed Erica
  5596 | D:8      | Reached *** piety under Okawaru
  5639 | D:8      | Reached XP level 10. HP: 22/90 MP: 6/9
  5800 | D:8      | Found a staircase to the Lair.
  6208 | D:8      | Reached **** piety under Okawaru
  6470 | D:8      | Noticed Psyche
  6481 | D:8      | Killed Psyche
  6709 | D:9      | Found a basalt altar of Yredelemnul.
  6834 | D:9      | Reached ***** piety under Okawaru
  7078 | D:9      | Noticed a cyclops
  7089 | D:9      | Killed a cyclops
  7337 | D:9      | Reached XP level 11. HP: 99/99 MP: 10/10
  7472 | D:10     | Entered Level 10 of the Dungeon
  7498 | D:10     | Reached skill level 10 in Fighting
  7960 | D:10     | Noticed a two-headed ogre
  7969 | D:10     | Killed a two-headed ogre
  7969 | D:10     | Reached skill level 10 in Armour
  7969 | D:10     | Reached skill level 10 in Shields
  7998 | D:10     | Found a staircase to the Orcish Mines.
  7998 | D:10     | Found Setamov's Armour Boutique.
  8197 | D:10     | Got a faintly glowing hand axe
  8198 | D:10     | Identified the +9 hand axe "Wuzipiwu" {protect, rPois rF++
                  | rC- Str+3} (You found it on level 10 of the Dungeon)
  8504 | D:11     | Noticed a purple ugly thing
  8508 | D:11     | Received a gift from Okawaru
  8509 | D:11     | Reached skill level 10 in Axes
  8648 | D:11     | Got a warped robe {god gift}
  8660 | D:11     | Killed a purple ugly thing
  8821 | D:11     | Found Goheshasue's Armour Boutique.
  8839 | D:11     | Identified the +0 robe "Qataesacs" {rC+ rCorr Dex+4}
                  | (Okawaru gifted it to you on level 11 of the Dungeon)
  8841 | D:11     | Reached skill level 1 in Invocations
  8994 | D:11     | Noticed an unseen horror
  9013 | D:11     | Killed an unseen horror
  9316 | D:12     | Found Rizxuj's Book Boutique.
  9635 | D:12     | Noticed an obsidian statue
  9636 | D:12     | Noticed a sixfirhy
  9884 | D:12     | Received a gift from Okawaru
  9884 | D:12     | Reached XP level 12. HP: 108/110 MP: 13/13
 10292 | Lair:1   | Entered Level 1 of the Lair of Beasts
 10301 | Lair:1   | Found a frozen archway.
 10327 | IceCv    | Entered an ice cave
 10638 | IceCv    | Engulfed by an ice statue's freezing vapour

Skill      XL: |  1  2  3  4  5  6  7  8  9 10 11 12 |
---------------+-------------------------------------+-----
Dodging        | 1 2 3 4 5 6 8 9 |  9.7
Fighting       | 4 5 6 7 8 9 11 | 11.2
Shields        | 4 5 6 7 8 9 10 11 | 11.2
Armour         | 4 5 6 7 8 9 10 11 | 11.1
Axes           | 3 4 5 6 8 9 10 | 10.9
Invocations    | 3 |  3.6

Action                   |  1- 3 |  4- 6 |  7- 9 | 10-12 || total
-------------------------+-------+-------+-------+-------++-------
Melee: War axe           |   106 |    91 |   401 |       ||   598
       Headbutt          |    16 |    18 |    70 |   105 ||   209
       Hand axe          |       |       |     3 |   508 ||   511
Invok: Heroism           |       |       |     1 |     5 ||     6
Evoke: Wand              |       |       |       |     3 ||     3
  Use: Scroll            |       |     1 |       |     8 ||     9
       Potion            |       |       |     3 |     1 ||     4
  Eat: Chunk             |       |     4 |    12 |    14 ||    30
       Ration            |       |       |     1 |     1 ||     2
Armor: Scale mail        |    76 |    26 |   134 |   139 ||   375
       Robe              |       |       |       |     5 ||     5
       Skin              |       |       |       |     1 ||     1
Dodge: Dodged            |    40 |    28 |   191 |   224 ||   483
       Deflected         |       |       |     2 |     7 ||     9
Block: Shield            |    72 |    46 |   255 |   298 ||   671
